cohdb
Replays
Latest Replays
All Replays
Popular Replays
Top Player Replays
Match Explorer
How It Works
Community
CoH3 Stats
Reddit
Sign in to upload your games and track your stats! →
Sign in with Steam
Match 45651206
Unlisted
Match 45651206
Overview
Messages
Build Orders
End
Kettenkrad Recon Vehicle
Construct Infanterie Kompanie
Grenadier Squad
MG 42 Machine Gun Team
Grenadier Squad
Grenadier Squad
Construct Luftwaffe Kompanie
Selects Mechanized Battlegroup
Jäger Squad
Selects Raid Package
MG 42 Machine Gun Team
Support Elements
Grenadier Squad
Grenadier Squad
Wirbelwind Flakpanzer
Pioneer Squad
Wirbelwind Flakpanzer
Selects 8 Rad Armored Car
Marder III M Tank Destroyer
Jäger Squad
Jäger Squad
Marder III M Tank Destroyer
Pioneer Squad
Selects Panther Heavy Tank
Selects Mobile Repair Stations
MG 42 Machine Gun Team
Pioneer Squad
Grenadier Squad
Panther Heavy Tank
tommyfoxy
BOOTSA
DirtyDan
Balzeal
0
0
Comments
sign in to comment!
No comments posted yet!